[Event "FIDE WCCC Open-12 2024"]
[Site "Montesilvano"]
[Date "2024.11.18"]
[Round "1.23"]
[White "Abdsattar, Alisher"]
[Black "Wang, William Kaiyuan"]
[Result "1-0"]
[ECO "C54"]
[WhiteElo "2082"]
[BlackElo "1715"]
[PlyCount "103"]
[EventDate "2024.11.18"]
[EventType "swiss"]
[EventCountry "ITA"]
[TimeControl "5400+30"]

1. e4 e5 2. Nf3 Nc6 3. Bc4 Nf6 4. d3 Bc5 5. c3 d6 6. O-O h6 7. Re1 Qe7 8. Nbd2 Be6 9. a4 a6 10. b4 Ba7 11. Ba3 Qd7 12. b5 Na5 13. Bxe6 Qxe6 14. d4 Nd7 15. Qe2 O-O 16. Bb4 Bb6 17. dxe5 Nxe5 18. Nxe5 Qxe5 19. Bxa5 Bxa5 20. Nc4 Qxc3 21. Rec1 Qb4 22. Rcb1 Qc3 23. Ra3 Qd4 24. Nxa5 axb5 25. axb5 Qc5 26. Raa1 Qc3 27. Qe1 Qe5 28. Nc4 Qc5 29. Rxa8 Rxa8 30. Ne3 Re8 31. Qb4 Qe5 32. f3 Re6 33. Nf5 Kh7 34. Qd4 g6 35. Qxe5 dxe5 36. Ne3 c6 37. b6 c5 38. Nd5 Rc6 39. Kf2 Kg7 40. Ke3 f6 41. Kd3 f5 42. Ra1 c4+ 43. Kc3 Kf7 44. Ra7 Ke6 45. Rxb7 Kd6 46. Rc7 Rxc7 47. bxc7 Kd7 48. Kxc4 f4 49. Kc5 g5 50. Kb6 Kc8 51. Kc6 g4 52. Nb6# 1-0

[Event "FIDE WCCC Open-12 2024"]
[Site "Montesilvano"]
[Date "2024.11.18"]
[Round "1.24"]
[White "Park, Onyoo"]
[Black "Petroff, Vlad"]
[Result "0-1"]
[ECO "D32"]
[WhiteElo "1710"]
[BlackElo "2079"]
[PlyCount "63"]
[EventDate "2024.11.18"]
[EventType "swiss"]
[EventCountry "ITA"]
[TimeControl "5400+30"]

1. d4 Nf6 2. c4 e6 3. Nf3 d5 4. Nc3 c5 5. cxd5 exd5 6. Bg5 Be6 7. Bxf6 Qxf6 8. e4 cxd4 9. Qxd4 Qxd4 10. Nxd4 dxe4 11. Nxe6 fxe6 12. Nxe4 Bb4+ 13. Nd2 O-O 14. f3 Nc6 15. O-O-O Rac8 16. Nb3 a5 17. Kb1 a4 18. Nc1 a3 19. bxa3 Bxa3 20. Bc4 Rfe8 21. Rhe1 Kf7 22. Rd7+ Kf6 23. Bb5 Nb4 24. Rxb7 Rc2 25. Ba4 Rb2+ 26. Ka1 Nc2+ 27. Bxc2 Rxb7 28. Nb3 Rc7 29. Kb1 Rec8 30. Re2 h5 31. g4 hxg4 32. fxg4 {[%emt 0:01:29] Ke5} 0-1

[Event "FIDE WCCC Open-12 2024"]
[Site "Montesilvano"]
[Date "2024.11.18"]
[Round "1.25"]
[White "Nicot, Valentin"]
[Black "Miransh Vyas"]
[Result "1-0"]
[ECO "A18"]
[WhiteElo "2078"]
[BlackElo "1705"]
[PlyCount "151"]
[EventDate "2024.11.18"]
[EventType "swiss"]
[EventCountry "ITA"]
[TimeControl "5400+30"]

1. c4 Nf6 2. Nc3 e6 3. e4 d5 4. cxd5 exd5 5. e5 d4 6. exf6 dxc3 7. dxc3 Qxf6 8. Nf3 Nc6 9. Be2 h6 10. Be3 Bd6 11. Qb3 O-O 12. O-O a6 13. Qc2 Bf5 14. Bd3 Bxd3 15. Qxd3 Rad8 16. Qc2 Ne5 17. Nxe5 Qxe5 18. g3 Qd5 19. Qd1 Qc6 20. Qb3 Kh8 21. Bd4 b6 22. Rad1 f5 23. Qe6 Kh7 24. Be3 Rde8 25. Qd5 Qxd5 26. Rxd5 f4 27. Bxb6 Rb8 28. Bc5 Bxc5 29. Rxc5 Rxb2 30. a4 Ra2 31. a5 Rf6 32. c4 Kg6 33. g4 f3 34. h3 Re6 35. Kh2 Re4 36. Kg3 Rc2 37. Rc6+ Kh7 38. Rxc7 Rexc4 39. Rxc4 Rxc4 40. Ra1 g5 41. Ra3 Rf4 42. Rxf3 Ra4 43. Rf5 Ra3+ 44. Kg2 Kg6 45. Rc5 Kg7 46. Rc7+ Kg8 47. Rc6 Rxa5 48. Rxh6 Kg7 49. Rb6 Ra4 50. Kg3 Ra3+ 51. f3 a5 52. Rb5 Kg6 53. Rf5 a4 54. h4 gxh4+ 55. Kxh4 Ra1 56. Ra5 a3 57. Ra6+ Kf7 58. Kg5 a2 59. f4 Ke7 60. f5 Ke8 61. Ra7 Kd8 62. f6 Ke8 63. Kg6 Rg1 64. f7+ Kf8 65. Ra8+ Ke7 66. f8=Q+ Kd7 67. Qd8+ Ke6 68. Qb6+ Ke5 69. Qxg1 a1=Q 70. Qxa1+ Ke4 71. Qd1 Kf4 72. Qf1+ Kxg4 73. Ra4+ Kg3 74. Qd3+ Kf2 75. Ra2+ Ke1 76. Qb1# 1-0

[Event "FIDE WCCC Open-12 2024"]
[Site "Montesilvano"]
[Date "2024.11.18"]
[Round "1.26"]
[White "Andreiev, Andrii"]
[Black "Filindash, Nikita"]
[Result "0-1"]
[ECO "B50"]
[WhiteElo "1704"]
[BlackElo "2076"]
[PlyCount "83"]
[EventDate "2024.11.18"]
[EventType "swiss"]
[EventCountry "ITA"]
[TimeControl "5400+30"]

1. e4 c5 2. Nf3 d6 3. c3 Nf6 4. Qc2 Nc6 5. Be2 Bg4 6. d4 cxd4 7. Nxd4 Bxe2 8. Qxe2 Qc7 9. O-O g6 10. f4 Bg7 11. Nd2 O-O 12. f5 a6 13. a4 Nd7 14. N2b3 Nc5 15. Rf3 Nxb3 16. Nxb3 Qb6+ 17. Nd4 Bxd4+ 18. cxd4 Nxd4 19. Qf2 Nxf3+ 20. gxf3 Qxf2+ 21. Kxf2 Rac8 22. b4 Rc2+ 23. Ke3 Rxh2 24. Bd2 Rc8 25. Rg1 Rc2 26. Be1 Ra2 27. a5 Ra3+ 28. Kf4 Ra1 29. Ke3 Rb2 30. fxg6 fxg6 31. f4 Rxb4 32. f5 Rb3+ 33. Kd2 Rxa5 34. Kc2 Rab5 35. fxg6 hxg6 36. Rxg6+ Kf7 37. Rg1 Rb2+ 38. Kd3 a5 39. Rf1+ Ke6 40. Bc3 R2b3 41. Kc4 a4 42. Kd4 {[%emt 0:08:30] Ke5+} 0-1

[Event "FIDE WCCC Open-12 2024"]
[Site "Montesilvano"]
[Date "2024.11.18"]
[Round "1.27"]
[White "Fulgentini, Edoardo"]
[Black "Leht, Karl Samuel"]
[Result "1/2-1/2"]
[ECO "B15"]
[WhiteElo "2075"]
[BlackElo "1701"]
[PlyCount "117"]
[EventDate "2024.11.18"]
[EventType "swiss"]
[EventCountry "ITA"]
[TimeControl "5400+30"]

1. e4 c6 2. d4 d5 3. Nc3 dxe4 4. Nxe4 Nf6 5. Nxf6+ exf6 6. c3 Bd6 7. Bd3 O-O 8. Qc2 h5 9. Ne2 Re8 10. O-O Qc7 11. h3 Nd7 12. Ng3 Bxg3 13. fxg3 c5 14. Bf4 Qd8 15. Rae1 Rxe1 16. Rxe1 cxd4 17. Bc7 Qf8 18. cxd4 g6 19. Bxg6 fxg6 20. Qxg6+ Qg7 21. Qe8+ Nf8 22. Re7 Qg6 23. Qxg6+ Nxg6 24. Re8+ Kf7 25. Rd8 b6 26. d5 Nf8 27. Bd6 Bb7 28. Rxa8 Bxa8 29. Bb8 Bxd5 30. Bxa7 Nd7 31. a4 Ke6 32. b4 Ke5 33. a5 bxa5 34. bxa5 Ke4 35. Kh2 Ne5 36. Bb8 Ke3 37. Kg1 Ke2 38. Bc7 Bb7 39. Bb6 Nc4 40. Bd4 f5 41. Kh2 Nxa5 42. Kg1 Nc4 43. Ba7 Ne3 44. Bb8 Bxg2 45. Kh2 Kf3 46. h4 Nf1+ 47. Kg1 Bh3 48. Bc7 Nd2 49. Bb8 Ne4 50. Bc7 Kg4 51. Kh2 Nd2 52. Kg1 Nf3+ 53. Kf2 Nxh4 54. gxh4 Kxh4 55. Bd6 Kg4 56. Bc7 f4 57. Bd8 f3 58. Bc7 Bg2 59. Bb8 1/2-1/2

[Event "FIDE WCCC Open-12 2024"]
[Site "Montesilvano"]
[Date "2024.11.18"]
[Round "1.28"]
[White "Su, Jayden Chenxuan"]
[Black "Obidjonov, Oriyat"]
[Result "0-1"]
[ECO "E32"]
[WhiteElo "1700"]
[BlackElo "2074"]
[PlyCount "96"]
[EventDate "2024.11.18"]
[EventType "swiss"]
[EventCountry "ITA"]
[TimeControl "5400+30"]

1. d4 Nf6 2. c4 e6 3. Nc3 Bb4 4. Qc2 c5 5. dxc5 Bxc5 6. Nf3 O-O 7. Bg5 h6 8. Bh4 d6 9. e3 Bd7 10. Be2 Bc6 11. O-O Nbd7 12. Rfd1 Rc8 13. a3 a5 14. Rab1 Qe7 15. Nd2 Bb6 16. b4 axb4 17. axb4 Ne5 18. h3 Rfd8 19. Rbc1 Ng6 20. Bg3 d5 21. c5 Bc7 22. Bxc7 Rxc7 23. Nf3 e5 24. Bb5 Rcd7 25. Bxc6 bxc6 26. Ne2 Rb8 27. Qa4 Qe6 28. Rb1 Rdb7 29. Kf1 Ne4 30. Rdc1 Qf6 31. Nc3 Nxf2 32. Kxf2 e4 33. b5 exf3 34. gxf3 Ne5 35. Qd1 Qf5 36. e4 dxe4 37. Nxe4 Rxb5 38. Rxb5 Rxb5 39. Rc3 Qxh3 40. Qg1 Rb2+ 41. Ke3 Qxf3+ 42. Kd4 Rb4+ 43. Kxe5 Qxe4+ 44. Kd6 Qe6+ 45. Kc7 Qe7+ 46. Kxc6 Qf6+ 47. Kd7 Rb7+ 48. Ke8 Qe7# 0-1

[Event "FIDE WCCC Open-12 2024"]
[Site "Montesilvano"]
[Date "2024.11.18"]
[Round "1.29"]
[White "Karthi, Jashith"]
[Black "Isakov, Amin"]
[Result "1-0"]
[ECO "D37"]
[WhiteElo "2073"]
[BlackElo "1698"]
[PlyCount "61"]
[EventDate "2024.11.18"]
[EventType "swiss"]
[EventCountry "ITA"]
[TimeControl "5400+30"]

1. d4 Nf6 2. c4 e6 3. Nf3 d5 4. Nc3 Be7 5. Bf4 O-O 6. e3 dxc4 7. Bxc4 a6 8. a4 Nbd7 9. h3 c5 10. Bh2 cxd4 11. Nxd4 Bc5 12. O-O Qe7 13. a5 Rd8 14. Bc7 Re8 15. Na4 Nf8 16. Nb6 Ra7 17. Bb8 Bxb6 18. axb6 Ra8 19. Bc7 Bd7 20. Qf3 e5 21. Nf5 Bxf5 22. Qxf5 N8d7 23. Rfd1 Nxb6 24. Bxb6 Qb4 25. Bxf7+ Kxf7 26. Rd7+ Re7 27. Rxe7+ Qxe7 28. Rc1 Qe8 29. Rc7+ Kg8 30. Qg5 Nh5 31. g4 1-0

[Event "FIDE WCCC Open-12 2024"]
[Site "Montesilvano"]
[Date "2024.11.18"]
[Round "1.30"]
[White "Chia, Yu Zhe Ashton"]
[Black "Baturin-Vinogradov, Miroslav"]
[Result "0-1"]
[ECO "C85"]
[WhiteElo "2252"]
[BlackElo "2048"]
[PlyCount "92"]
[EventDate "2024.11.18"]
[EventType "swiss"]
[EventCountry "ITA"]
[TimeControl "5400+30"]

1. e4 e5 2. Nf3 Nc6 3. Bb5 a6 4. Ba4 Nf6 5. O-O Be7 6. Bxc6 dxc6 7. Re1 Nd7 8. Nc3 O-O 9. b3 Re8 10. Bb2 c5 11. Nd5 Bf8 12. c3 c6 13. Ne3 f6 14. Qc2 Qe7 15. d4 exd4 16. Nf5 Qf7 17. cxd4 g6 18. Ne3 cxd4 19. Bxd4 Qe6 20. Nc4 c5 21. Bb2 b5 22. Ncd2 Bg7 23. b4 cxb4 24. Nd4 Qf7 25. N2b3 Bb7 26. Qc7 Bxe4 27. Rac1 f5 28. f3 Bd5 29. Qd6 Bf8 30. Rxe8 Rxe8 31. Qxa6 Bc4 32. f4 Bg7 33. Qd6 Nf6 34. Nd2 Ne4 35. Qxb4 Nxd2 36. Qxd2 Qd5 37. Qf2 Re4 38. Nf3 Re2 39. Qxe2 Bxe2 40. Rc8+ Bf8 41. Ba3 Bxf3 42. Rxf8+ Kg7 43. gxf3 Qxf3 44. Bb4 Qg4+ 45. Kh1 Qxf4 46. a3 Qf1# 0-1

[Event "FIDE WCCC Open-12 2024"]
[Site "Montesilvano"]
[Date "2024.11.18"]
[Round "1.31"]
[White "Bulgak, Damir"]
[Black "Teo, Hong Kai Javier"]
[Result "1-0"]
[ECO "C05"]
[WhiteElo "2044"]
[BlackElo "1675"]
[PlyCount "101"]
[EventDate "2024.11.18"]
[EventType "swiss"]
[EventCountry "ITA"]
[TimeControl "5400+30"]

1. e4 e6 2. d4 d5 3. Nd2 Nf6 4. e5 Nfd7 5. c3 c5 6. f4 Nc6 7. Ndf3 Qb6 8. Ne2 cxd4 9. cxd4 Bb4+ 10. Kf2 f6 11. Be3 O-O 12. Qc2 fxe5 13. fxe5 Qd8 14. h4 Be7 15. Nf4 Qb6 16. Rd1 Rf7 17. g3 Nf8 18. a3 Bd7 19. Bd3 Rc8 20. Qe2 Na5 21. Kg2 Nc4 22. Bc1 Ba4 23. Rdf1 Qa5 24. g4 b5 25. g5 Nxa3 26. Bd2 Bb4 27. bxa3 Bxd2 28. Nxd2 Bc2 29. Rh3 Bxd3 30. Rxd3 Rc2 31. Kg3 b4 32. axb4 Qxb4 33. Qd1 Rfc7 34. Nb3 R7c3 35. Rxc3 Rxc3+ 36. Rf3 a5 37. Nc5 Rxf3+ 38. Kxf3 Qc3+ 39. Kg4 Qb2 40. h5 g6 41. h6 Qb8 42. Qc2 Qc7 43. Qb1 Qf7 44. Kg3 Qe7 45. Kh4 Qf7 46. Kg4 Kh8 47. Qb8 Qf5+ 48. Kf3 a4 49. Nd7 Kg8 50. Nf6+ Kf7 51. Qe8# 1-0

[Event "FIDE WCCC Open-12 2024"]
[Site "Montesilvano"]
[Date "2024.11.18"]
[Round "1.32"]
[White "Zhan, Jayden Zihan"]
[Black "Minga-Nagy, Abel Inti"]
[Result "0-1"]
[ECO "B23"]
[WhiteElo "1670"]
[BlackElo "2033"]
[PlyCount "54"]
[EventDate "2024.11.18"]
[EventType "swiss"]
[EventCountry "ITA"]
[TimeControl "5400+30"]

1. e4 c5 2. Nc3 e6 3. g3 d5 4. exd5 exd5 5. Bg2 Nf6 6. d3 h6 7. Bf4 Be6 8. Qe2 Nc6 9. Nf3 Bd6 10. Bh3 Qe7 11. Bxe6 fxe6 12. Nb5 Bxf4 13. gxf4 a6 14. Nh4 axb5 15. Ng6 Qd6 16. Nxh8 Nd4 17. Qd1 Qxf4 18. h3 Qf5 19. c3 Nf3+ 20. Kf1 Ne5 21. Rg1 Nxd3 22. Qe2 Qxh3+ 23. Rg2 Nf4 24. Qxb5+ Nd7 25. Ke1 Qxg2 26. Qxb7 Qe4+ 27. Kd1 Qd3+ 0-1

[Event "FIDE WCCC Open-12 2024"]
[Site "Montesilvano"]
[Date "2024.11.18"]
[Round "1.33"]
[White "Batbaatar, Baatar"]
[Black "Kraucenka, Justas"]
[Result "1-0"]
[ECO "C10"]
[WhiteElo "2030"]
[BlackElo "1650"]
[PlyCount "203"]
[EventDate "2024.11.18"]
[EventType "swiss"]
[EventCountry "ITA"]
[TimeControl "5400+30"]

1. e4 e6 2. d4 d5 3. Nc3 dxe4 4. Nxe4 Nd7 5. Nf3 Ngf6 6. Bd3 Be7 7. O-O O-O 8. Qe2 c5 9. dxc5 Bxc5 10. Bg5 Be7 11. Rfd1 h6 12. Bxf6 Bxf6 13. Bb5 Qc7 14. Bxd7 Bxd7 15. Nxf6+ gxf6 16. Qd2 Bc6 17. Nd4 Kg7 18. Qe2 Rg8 19. Nxc6 Qxc6 20. Rd3 Kf8 21. g3 Ke7 22. Qd2 a5 23. Rd1 Rh8 24. Rc3 Rad8 25. Rxc6 Rxd2 26. Rxe6+ fxe6 27. Rxd2 Rc8 28. Kf1 Rc5 29. Ke2 b5 30. c3 a4 31. a3 Re5+ 32. Kd1 Rh5 33. h4 Rf5 34. f4 h5 35. Ke2 Rc5 36. Kf3 f5 37. Rd4 Rc7 38. Rb4 Rc5 39. c4 bxc4 40. Rxa4 c3 41. bxc3 Rxc3+ 42. Kf2 Rc2+ 43. Kf3 Rc3+ 44. Kg2 Rc2+ 45. Kh3 Ra2 46. Ra7+ Kf6 47. a4 Kg6 48. Ra8 Kg7 49. a5 Kh7 50. Ra6 Kg7 51. Rxe6 Rxa5 52. Kg2 Ra2+ 53. Kf3 Ra3+ 54. Re3 Ra2 55. Rc3 Rd2 56. Ke3 Rd6 57. Rd3 Re6+ 58. Kd4 Re8 59. Ra3 Re6 60. Kd5 Kf6 61. Ra8 Re3 62. Rf8+ Kg6 63. Kd4 Re6 64. Rg8+ Kh6 65. Rg5 Ra6 66. Rxf5 Ra4+ 67. Ke3 Ra3+ 68. Kf2 Ra2+ 69. Kf3 Ra3+ 70. Kg2 Ra2+ 71. Kh3 Ra3 72. Re5 Rb3 73. Kg2 Rb2+ 74. Kf3 Rb3+ 75. Re3 Rb4 76. f5 Kg7 77. Re4 Rb3+ 78. Kf4 Kf6 79. Re6+ Kf7 80. Re3 Rb1 81. Kg5 Rf1 82. Rb3 Rf2 83. Kxh5 Rxf5+ 84. Kg4 Ra5 85. h5 Kg7 86. Kh4 Ra4+ 87. g4 Ra5 88. Rb7+ Kg8 89. h6 Ra1 90. Kh5 Ra5+ 91. g5 Ra8 92. Rb5 Kh8 93. g6 Rc8 94. Rf5 Ra8 95. Rf8+ Rxf8 96. g7+ Kg8 97. Kg6 Rf6+ 98. Kxf6 Kh7 99. Kf7 Kxh6 100. g8=Q Kh5 101. Qg3 Kh6 102. Qh4# 1-0

[Event "FIDE WCCC Open-12 2024"]
[Site "Montesilvano"]
[Date "2024.11.18"]
[Round "1.34"]
[White "Shirinov, Yashar"]
[Black "Marchand, Calix"]
[Result "1/2-1/2"]
[ECO "B40"]
[WhiteElo "1642"]
[BlackElo "2027"]
[PlyCount "80"]
[EventDate "2024.11.18"]
[EventType "swiss"]
[EventCountry "ITA"]
[TimeControl "5400+30"]

1. e4 c5 2. Nf3 e6 3. d3 Nc6 4. g3 Nf6 5. Bg2 e5 6. Nc3 d6 7. O-O Be6 8. Ng5 Bg4 9. f3 Bd7 10. f4 exf4 11. gxf4 h6 12. Nf3 Bg4 13. e5 dxe5 14. fxe5 Nd7 15. Bf4 g5 16. Bg3 Bg7 17. h3 Bh5 18. Qe1 O-O 19. e6 fxe6 20. Qxe6+ Kh8 21. Rae1 Bxf3 22. Rxf3 Rxf3 23. Bxf3 Nd4 24. Qd5 Nxf3+ 25. Qxf3 Qb6 26. Qf7 Qxb2 27. Qxd7 Qxc3 28. Re8+ Rxe8 29. Qxe8+ Kh7 30. Qe4+ Kg8 31. Qe6+ Kh7 32. Qe4+ Kg8 33. Qe6+ Kh8 34. Qe8+ Kh7 35. Qe4+ Kg8 36. Qe6+ Kh7 37. Qe4+ Kg8 38. Qe6+ Kh7 39. Qe4+ Kg8 40. Qe6+ Kh7 1/2-1/2

[Event "FIDE WCCC Open-12 2024"]
[Site "Montesilvano"]
[Date "2024.11.18"]
[Round "1.35"]
[White "Tatvidze, Davit"]
[Black "Italiani, Luca"]
[Result "1-0"]
[ECO "A24"]
[WhiteElo "2024"]
[BlackElo "1634"]
[PlyCount "59"]
[EventDate "2024.11.18"]
[EventType "swiss"]
[EventCountry "ITA"]
[TimeControl "5400+30"]

1. c4 e5 2. Nc3 Nf6 3. g3 g6 4. Bg2 Bg7 5. Nf3 d6 6. d4 exd4 7. Nxd4 O-O 8. O-O c6 9. b3 a6 10. Qd2 c5 11. Nc2 Re8 12. Bb2 Nc6 13. Rad1 Bf8 14. Ne3 Nd4 15. Na4 Nc6 16. Nxc5 dxc5 17. Qxd8 Rxd8 18. Bxf6 Re8 19. Rfe1 Bh6 20. Nd5 Rb8 21. Nc7 Rf8 22. Bxc6 bxc6 23. Be7 Rb7 24. Bxf8 Bxf8 25. Ne8 Bh3 26. Rd8 f5 27. Red1 g5 28. R8d7 Rb8 29. Nf6+ Kh8 30. Rxh7# 1-0

[Event "FIDE WCCC Open-12 2024"]
[Site "Montesilvano"]
[Date "2024.11.18"]
[Round "1.36"]
[White "Mintz, Nathan"]
[Black "Vaidyanathan, Adithya"]
[Result "0-1"]
[ECO "A37"]
[WhiteElo "1633"]
[BlackElo "2018"]
[PlyCount "114"]
[EventDate "2024.11.18"]
[EventType "swiss"]
[EventCountry "ITA"]
[TimeControl "5400+30"]

1. c4 c5 2. Nc3 g6 3. g3 Bg7 4. Bg2 Nc6 5. d3 e5 6. Nf3 Nge7 7. O-O O-O 8. Bg5 h6 9. Bxe7 Nxe7 10. a3 f5 11. Qd2 Re8 12. Ne1 Nc6 13. Nc2 a5 14. Rab1 a4 15. b4 Nd4 16. Nxd4 cxd4 17. Nd5 Kh7 18. c5 d6 19. Nb6 Ra7 20. Qc2 dxc5 21. Qxc5 Be6 22. Rfc1 Ra6 23. Nd5 Rc6 24. Qb5 Qc8 25. Nf6+ Bxf6 26. Bxc6 bxc6 27. Rxc6 Qd8 28. Qa6 Qd7 29. Rbc1 Bd8 30. Rd6 Qe7 31. Rcc6 Bd7 32. Rc5 Qf7 33. Rcd5 Re7 34. Rc5 Kg7 35. Qa8 Re8 36. Rcd5 Be7 37. Qa7 Bxd6 38. Rxd6 Re7 39. Qc5 Re6 40. Rd5 Rc6 41. Rxd7 Qxd7 42. Qxe5+ Kh7 43. Kg2 Re6 44. Qc5 Qc6+ 45. Qxc6 Rxc6 46. Kf3 Rc3 47. Kf4 Rxa3 48. Ke5 Rb3 49. Kxd4 Rxb4+ 50. Kc3 Rb8 51. d4 a3 52. d5 a2 53. d6 a1=Q+ 54. Kc4 Qd1 55. Kc5 Rc8+ 56. Kb5 Qb1+ 57. Ka5 Ra8# 0-1

[Event "FIDE WCCC Open-12 2024"]
[Site "Montesilvano"]
[Date "2024.11.18"]
[Round "1.37"]
[White "Elhusseiny, Eyad"]
[Black "Farzaleev, Daniyar"]
[Result "1-0"]
[ECO "E62"]
[WhiteElo "2017"]
[BlackElo "1622"]
[PlyCount "69"]
[EventDate "2024.11.18"]
[EventType "swiss"]
[EventCountry "ITA"]
[TimeControl "5400+30"]

1. Nf3 Nf6 2. c4 g6 3. d4 Bg7 4. g3 O-O 5. Bg2 d6 6. O-O Nc6 7. Nc3 e5 8. dxe5 dxe5 9. Bg5 Be6 10. Qa4 h6 11. Rad1 Qe8 12. Bxf6 Bxf6 13. Nd2 Nd4 14. Qb4 Rb8 15. Qa5 Qe7 16. e3 Nc6 17. Qa4 Qb4 18. Bxc6 bxc6 19. Qxc6 Qxb2 20. Nde4 Bg7 21. Rb1 Qc2 22. Rbc1 Qd3 23. c5 Qd7 24. Qxd7 Bxd7 25. Nd5 Bb5 26. Rfd1 f5 27. Nec3 c6 28. Nxb5 Rxb5 29. Ne7+ Kh7 30. Nxc6 Rf7 31. Nd8 Rc7 32. c6 Rb6 33. Rd7 Rxd7 34. cxd7 Rd6 35. Rc7 1-0

[Event "FIDE WCCC Open-12 2024"]
[Site "Montesilvano"]
[Date "2024.11.18"]
[Round "1.38"]
[White "Anuzis, Finas"]
[Black "Sason, Noam"]
[Result "0-1"]
[ECO "D90"]
[WhiteElo "1614"]
[BlackElo "2017"]
[PlyCount "86"]
[EventDate "2024.11.18"]
[EventType "swiss"]
[EventCountry "ITA"]
[TimeControl "5400+30"]

1. d4 Nf6 2. Nf3 c5 3. c3 cxd4 4. cxd4 g6 5. Bf4 Bg7 6. e3 O-O 7. Be2 Nc6 8. Nc3 d5 9. h3 Ne4 10. O-O Nxc3 11. bxc3 Na5 12. Be5 Bf5 13. Bxg7 Kxg7 14. Bd3 Bxd3 15. Qxd3 Rc8 16. Rfc1 Qd6 17. Qb5 b6 18. Qb4 Nc4 19. Qxd6 Nxd6 20. Nd2 Rc7 21. Rc2 Rfc8 22. Rac1 b5 23. Nb3 Nb7 24. Kf1 f6 25. Ke2 Kf7 26. Kd3 e5 27. f3 a5 28. Nd2 Ke6 29. e4 dxe4+ 30. fxe4 Rd7 31. d5+ Kd6 32. c4 Nc5+ 33. Ke3 b4 34. Nb3 a4 35. Na5 Ra8 36. Nc6 b3 37. axb3 axb3 38. Rb2 Rb7 39. Rcb1 Ra2 40. Rxa2 bxa2 41. Ra1 Rb2 42. Nb4 Rxb4 43. Rxa2 Rxc4 0-1

[Event "FIDE WCCC Open-12 2024"]
[Site "Montesilvano"]
[Date "2024.11.18"]
[Round "1.39"]
[White "Vorobyov, Radmir"]
[Black "Boiko, Nazar"]
[Result "1-0"]
[ECO "C00"]
[WhiteElo "2017"]
[BlackElo "1614"]
[PlyCount "97"]
[EventDate "2024.11.18"]
[EventType "swiss"]
[EventCountry "ITA"]
[TimeControl "5400+30"]

1. e4 e6 2. b3 d5 3. Bb2 Nf6 4. e5 Nfd7 5. c4 dxc4 6. bxc4 c5 7. Nf3 b6 8. Bd3 Bb7 9. O-O Nc6 10. Be4 Qc7 11. Nc3 a6 12. Ne2 Rb8 13. Qa4 b5 14. cxb5 axb5 15. Qc2 Ncxe5 16. Nxe5 Nxe5 17. Rad1 Nc4 18. Ba1 Na3 19. Qd3 c4 20. Qf3 Bxe4 21. Qxe4 Qb7 22. Qe5 Ra8 23. Nf4 Nc2 24. d4 Nxa1 25. Rxa1 Qb8 26. Qg5 h6 27. Qg4 c3 28. Rfe1 Qd6 29. Nxe6 fxe6 30. Rxe6+ Kd8 31. Rxd6+ Bxd6 32. Qe6 Kc7 33. Rc1 b4 34. Qc4+ Kb6 35. Qd5 Rhd8 36. g3 Ra5 37. Qc4 Rda8 38. Rb1 Rxa2 39. Rxb4+ Bxb4 40. Qxb4+ Kc7 41. Qxc3+ Kd7 42. d5 R2a6 43. Qxg7+ Kd6 44. Qxh6+ Kxd5 45. Qg5+ Kd6 46. h4 Ra2 47. h5 Rc8 48. Qf6+ Kd5 49. Qf7+ 1-0

[Event "FIDE WCCC Open-12 2024"]
[Site "Montesilvano"]
[Date "2024.11.18"]
[Round "1.40"]
[White "Krasniqi, Troi"]
[Black "Stepanyan, Davit"]
[Result "0-1"]
[ECO "C01"]
[WhiteElo "1610"]
[BlackElo "2011"]
[PlyCount "88"]
[EventDate "2024.11.18"]
[EventType "swiss"]
[EventCountry "ITA"]
[TimeControl "5400+30"]

1. e4 e6 2. d4 d5 3. exd5 exd5 4. Bd3 Nc6 5. c3 Bd6 6. Nf3 Nge7 7. O-O Bg4 8. h3 Bh5 9. Nbd2 Qd7 10. b4 O-O-O 11. a4 g5 12. Be2 Rdg8 13. Nh2 Bxe2 14. Qxe2 h5 15. Nb3 Nf5 16. Nc5 Bxc5 17. bxc5 g4 18. hxg4 hxg4 19. Nxg4 Nfxd4 20. cxd4 Nxd4 21. Qd1 Qxg4 22. Qxg4+ Rxg4 23. f3 Rgh4 24. Bb2 Rg8 25. Bxd4 Rxd4 26. Rfd1 Rxd1+ 27. Rxd1 c6 28. Kf2 b6 29. cxb6 axb6 30. g4 Kd7 31. Rb1 Kc7 32. Ke3 c5 33. Kf4 Ra8 34. Ke5 d4 35. Kf6 Rxa4 36. Kxf7 d3 37. g5 Rf4+ 38. Ke6 Rxf3 39. Rg1 Rf8 40. g6 c4 41. Kd5 b5 42. Kd4 Kb6 43. Rg5 d2 44. Rg1 d1=Q+ {[%emt 0:13:00] Kd3} 0-1

[Event "FIDE WCCC Open-12 2024"]
[Site "Montesilvano"]
[Date "2024.11.18"]
[Round "1.41"]
[White "Wijerathna, Vinuka Dihain"]
[Black "To, Nam Long"]
[Result "1-0"]
[ECO "B07"]
[WhiteElo "2004"]
[BlackElo "1608"]
[PlyCount "89"]
[EventDate "2024.11.18"]
[EventType "swiss"]
[EventCountry "ITA"]
[TimeControl "5400+30"]

1. e4 d6 2. d4 Nf6 3. Bd3 e5 4. c3 Be7 5. Nf3 Nbd7 6. O-O O-O 7. Nbd2 c6 8. Re1 Qc7 9. Nf1 Nb6 10. Ng3 Bg4 11. h3 Bh5 12. Nxh5 Nxh5 13. Nxe5 dxe5 14. Qxh5 exd4 15. cxd4 Rad8 16. Be3 Qd7 17. Rad1 Na4 18. Re2 b5 19. Qg4 Qxg4 20. hxg4 Rfe8 21. Rc2 Rc8 22. Rdc1 Bb4 23. Bxb5 Nc5 24. dxc5 cxb5 25. f3 Rc6 26. a3 Ba5 27. Rd1 h6 28. Rd6 Rec8 29. Rxc6 Rxc6 30. b4 Bc7 31. Rd2 Kh7 32. Kf2 Kg6 33. f4 Kf6 34. Kf3 g5 35. g3 Kg6 36. f5+ Kf6 37. Rd7 Kg7 38. Bd4+ Kf8 39. Bb2 Ke8 40. Rd3 f6 41. e5 fxe5 42. Ke4 Ke7 43. Bxe5 Bxe5 44. Kxe5 Ra6 45. f6+ 1-0

[Event "FIDE WCCC Open-12 2024"]
[Site "Montesilvano"]
[Date "2024.11.18"]
[Round "1.42"]
[White "Mihajlovic, Stefan"]
[Black "Bocquenet-Drouode, Hugo"]
[Result "0-1"]
[ECO "B30"]
[WhiteElo "1594"]
[BlackElo "2002"]
[PlyCount "38"]
[EventDate "2024.11.18"]
[EventType "swiss"]
[EventCountry "ITA"]
[TimeControl "5400+30"]

1. e4 c5 2. Nf3 Nc6 3. Bb5 e6 4. O-O Nge7 5. Re1 Nd4 6. Bf1 Nec6 7. c3 Nxf3+ 8. Qxf3 Be7 9. e5 O-O 10. Qg4 f6 11. d4 cxd4 12. cxd4 fxe5 13. dxe5 Qa5 14. Qe4 Bc5 15. Re2 Rf5 16. Bf4 Bd4 17. Nd2 Qb4 18. Nb3 Bxf2+ 19. Kh1 Rxf4 0-1

[Event "FIDE WCCC Open-12 2024"]
[Site "Montesilvano"]
[Date "2024.11.18"]
[Round "1.43"]
[White "Nguyen, Anh Khoi"]
[Black "Berishvili, Davit"]
[Result "1-0"]
[ECO "E05"]
[WhiteElo "2520"]
[BlackElo "1578"]
[PlyCount "63"]
[EventDate "2024.11.18"]
[EventType "swiss"]
[EventCountry "ITA"]
[TimeControl "5400+30"]

1. d4 d5 2. c4 e6 3. Nf3 Nf6 4. g3 Be7 5. Bg2 O-O 6. O-O dxc4 7. Ne5 c5 8. dxc5 Bxc5 9. Qc2 Qc7 10. Nxc4 Nc6 11. Bg5 Nd5 12. Nc3 Ncb4 13. Qb3 Nxc3 14. Qxc3 f6 15. Bd2 Nc6 16. Rac1 Rd8 17. Rfd1 Bd7 18. a3 e5 19. b4 Bd4 20. Qb3 Be6 21. Qa4 Qf7 22. b5 Ne7 23. e3 Bb6 24. Bxb7 Rab8 25. Bf3 Bc5 26. Na5 Bb6 27. Qb4 Bxa5 28. Qxa5 Bc4 29. Bb4 Re8 30. Bxe7 e4 31. Bxe4 Rxe7 32. Rxc4 1-0

[Event "FIDE WCCC Open-12 2024"]
[Site "Montesilvano"]
[Date "2024.11.18"]
[Round "1.44"]
[White "Wang, Yu-Chi Xavier"]
[Black "Antipov, Fedor"]
[Result "0-1"]
[ECO "B22"]
[WhiteElo "1543"]
[BlackElo "1991"]
[PlyCount "74"]
[EventDate "2024.11.18"]
[EventType "swiss"]
[EventCountry "ITA"]
[TimeControl "5400+30"]

1. e4 c5 2. c3 d5 3. exd5 Qxd5 4. d4 Nf6 5. Nf3 e6 6. Be2 cxd4 7. cxd4 Nc6 8. Nc3 Qd6 9. h3 Be7 10. Be3 O-O 11. O-O Nb4 12. Ne5 Nbd5 13. Nxd5 Nxd5 14. Qd2 b6 15. Rac1 Bb7 16. Rfd1 Rac8 17. f3 Rfd8 18. Bf2 Qb4 19. Qxb4 Nxb4 20. a3 Nd5 21. g3 h5 22. Kh2 h4 23. f4 hxg3+ 24. Kxg3 g5 25. Bf3 f6 26. Bxd5 gxf4+ 27. Kg4 Rxd5 28. Nd3 Bd6 29. h4 Kf7 30. Rxc8 Bxc8 31. Rc1 Bd7 32. Nb4 Rb5 33. Kf3 a5 34. Nd3 e5 35. dxe5 fxe5 36. Rd1 Ke7 37. Ke4 Bc6+ {[%emt 0:03:30] Kd4} 0-1

[Event "FIDE WCCC Open-12 2024"]
[Site "Montesilvano"]
[Date "2024.11.18"]
[Round "1.45"]
[White "Radnaev, Leo"]
[Black "Zutautas, Mantas"]
[Result "1-0"]
[ECO "C00"]
[WhiteElo "1990"]
[BlackElo "1540"]
[PlyCount "61"]
[EventDate "2024.11.18"]
[EventType "swiss"]
[EventCountry "ITA"]
[TimeControl "5400+30"]

1. e4 e6 2. Nc3 d5 3. d3 d4 4. Nb1 c5 5. g3 Nc6 6. Bg2 Nf6 7. Ne2 e5 8. O-O Be7 9. h3 O-O 10. f4 Qc7 11. f5 h6 12. g4 Na5 13. Qe1 c4 14. Ng3 b6 15. Rf2 Ba6 16. Bf1 Rac8 17. g5 hxg5 18. Bxg5 cxd3 19. cxd3 Nh7 20. Bxe7 Qxe7 21. f6 Nxf6 22. Nf5 Qe6 23. Rg2 g6 24. Qh4 Nh5 25. Qxh5 Rfd8 26. Qh4 Rd7 27. Na3 Rdc7 28. Re1 Rc1 29. Rxc1 Rxc1 30. Qh6 Qf6 31. Qxc1 1-0